 Dungeon Crawl Stone Soup version 0.18-a0-846-g91b95b1 (webtiles) character file.

21 Gorice the Magician (level 2, -3/19 HPs)
             Began as an Octopode Wanderer on Dec 20, 2015.
             Slain by Crazy Yiuf
             ... wielding a +4 quarterstaff of chaos
              (8 damage)
             ... while paralysed by Crazy Yiuf
             ... on level 2 of the Dungeon.
             The game lasted 00:04:39 (1626 turns).

Gorice the Magician (Octopode Wanderer)             Turns: 1626, Time: 00:04:39

Health: -3/19      AC:  1    Str: 11    XL:     2   Next: 83%
Magic:  7/7        EV:  2    Int: 16    God:
Gold:   83         SH:  0    Dex:  9    Spells: 0 memorised, 9 levels left

rFire  . . .     SeeInvis .     a - +0 dagger
rCold  . . .     Gourm    .     (no shield)
rNeg   . . .     Faith    .     (helmet restricted)
rPois  .         Spirit   .     (no amulet)
rElec  .         Dismiss  .     (no ring)
rCorr  .         Reflect  .     (no ring)
SustAt .         Harm     .     (no ring)
MR     .....                    (no ring)
Stlth  +++.......               (no ring)
                                (no ring)
                                (no ring)
                                (no ring)

@: paralysed, starving, not resistant to hostile enchantments, fairly stealthy
A: almost no armour, amphibious, 8 rings, constrict 8, camouflage 1, gelatinous
body 1
a: no special abilities


You were on level 2 of the Dungeon.
You were starving.

You visited 1 branch of the dungeon, and saw 2 of its levels.

You collected 83 gold pieces.

Inventory:

Hand Weapons
 a - a +0 dagger (weapon)
 d - a +0 club
Missiles
 m - 3 needles of confusion
 Z - 62 stones (quivered)
Scrolls
 g - a scroll of teleportation {!r}
 i - a scroll of noise {!r}
 n - a scroll of magic mapping {!r}
Potions
 c - a potion of lignification {!q}
 h - 2 potions of flight
 k - 2 potions of might {!q}
Books
 b - the Volume of Heat

   Spells                             Type                      Level
   a - Flame Tongue                   Conjuration/Fire             1
   b - Ignite Poison                  Fire/Transmutation/Poison    3
 e - a book of Air
Comestibles
 f - 2 bread rations {!e}
 j - a meat ration {!e}
 l - a royal jelly


   Skills:
 * Level 1.9 Fighting
 + Level 1.1 Dodging
 - Level 2.6 Stealth
 - Level 4.0 Spellcasting
   Level 2.0 Air Magic
   Level 2.4 Poison Magic


You had 9 spell levels left.
You didn't know any spells.

Dungeon Overview and Level Annotations

Branches:
Dungeon (2/15)

Altars:
Cheibriados

Annotations:
D:2 Crazy Yiuf


Innate Abilities, Weirdness & Mutations

You cannot wear most types of armour.
You are amphibious.
You can wear up to eight rings at the same time.
You can use your tentacles to constrict eight enemies at once.
Your skin changes colour to match your surroundings (Stealth).
Your rubbery body absorbs attacks (AC +1).


Message History

g - a scroll of teleportation {!r} Search for what [? for help]? noise You see here a scroll of noise {!r}.
i - a scroll of noise {!r} You open the door.
There is an open door here.
There is an open door here.
You open the door.
There is an open door here.
A bat comes into view.
The bat barely misses you.
Found a stone staircase leading down.
You hit the bat but do no damage. You grab the bat. You constrict the bat.
The bat barely misses you. The bat hits you but does no damage.
The bat struggles to escape constriction.
You hit the bat but do no damage.
The bat is moderately wounded.
You constrict the bat. The bat hits you.
The bat struggles to escape constriction.
The bat hits you but does no damage.
Damage: 1 (max 1)
You hit the bat.
You kill the bat!
No target in view!
n - a scroll of magic mapping {!r} HP restored.
You now have 83 gold pieces (gained 11).
You are near starving!
A kobold comes into view.
The helpless kobold fails to defend itself.
You hit the kobold.
You kill the kobold!
No target in view!
Found a mace.
Crazy Yiuf the Enlightened comes into view.
He is wielding a quarterstaff of chaos.
Crazy Yiuf shouts!
Crazy Yiuf hits you but does no damage.
You hit Crazy Yiuf. You grab Crazy Yiuf.
Crazy Yiuf is lightly wounded.
You constrict Crazy Yiuf. You hit Crazy Yiuf but do no damage.
Crazy Yiuf is lightly wounded.
You constrict Crazy Yiuf, but do no damage.
Crazy Yiuf hits you with a quarterstaff of chaos!
Ouch! That really hurt!
* * * LOW HITPOINT WARNING * * *
You suddenly lose the ability to move!
You lose your grip on Crazy Yiuf.
You are starving!
Crazy Yiuf hits you with a quarterstaff of chaos!
You die...

♣♣PP..P#...##<.........##.#...
♣♣P.......##..+#.##...#..####
♣♣♣.♣....##.#.#.####...#####
############### ####.....
###### #..... ##### ####.....
#)..### ##........
#g@...####.........
#...##..#..........
########.#.#..##### ######## #
# ### ######### # ########.#
#.....#.###### #........#
#............. #.######.#
#.....#.######


You could see Crazy Yiuf.

Vanquished Creatures
  4 bats
  5 giant cockroaches (D:1)
  A hobgoblin (D:1)
  5 kobolds
  A giant newt (D:1)
  3 rats
19 creatures vanquished.

Notes
Turn   | Place    | Note
--------------------------------------------------------------
     0 | D:1      | Gorice the Octopode Wanderer began the quest for the Orb.
     0 | D:1      | Gorice set off with: a book of Air, the Volume of Heat, a potion of lignification {!q}, a +0 club, a +0 dagger, a bread ration {!e}
     0 | D:1      | Reached XP level 1. HP: 11/11 MP: 5/5
     2 | D:1      | Identified the Volume of Heat
   132 | D:1      | Reached skill level 1 in Fighting
   134 | D:1      | Reached XP level 2. HP: 16/18 MP: 7/7
   400 | D:1      | Reached skill level 1 in Dodging
  1271 | D:2      | Found a snail-covered altar of Cheibriados.
  1618 | D:2      | Noticed Crazy Yiuf
  1625 | D:2      | HP: 5/19 [Crazy Yiuf/quarterstaff of chaos (14)]
  1625 | D:2      | Paralysed by Crazy Yiuf for 4 turns
  1626 | D:2      | Slain by Crazy Yiuf

Vault maps used:
D:1:      dpeg_arrival_shelter
D:2:      overflow_temple_1_default, serial_forest, infiniplex_forest_side_room,
          infiniplex_forest_clump_double, infiniplex_forest_lined_2,
          infiniplex_forest_zigzag_2, infiniplex_forest_diagonal,
          uniq_crazy_yiuf_cottage

Action                   || total
-------------------------++-------
Melee: Dagger            ||    43
  Use: Scroll            ||     7
 Stab: Sleeping          ||     7

Table legend:
 A = Turns spent in this place as a percentage of turns spent in the entire game.
 B = Non-inter-level travel turns spent in this place as a percentage of non-inter-level travel turns spent in the entire game.
 C = Inter-level travel turns spent in this place as a percentage of turns spent in this place.
 D = Turns resting spent in this place as a percentage of non-inter-level travel turns spent in this place.
 E = Turns spent auto-exploring this place as a percentage of non-inter-level travel turns spent in this place.
 F = Non-inter-level travel turns spent in this place divided by the number of levels of this place that you've seen.
                   A       B       C       D       E      F
               +-------+-------+-------+-------+-------+----------------------
         Total | 100.0 | 100.0 |   1.2 |   0.6 |   9.1 | 170.0
       Dungeon | 100.0 | 100.0 |   1.2 |   0.6 |   9.1 | 170.0
               +-------+-------+-------+-------+-------+----------------------

Vault maps used:
D:1:      dpeg_arrival_shelter
D:2:      overflow_temple_1_default, serial_forest, infiniplex_forest_side_room,
          infiniplex_forest_clump_double, infiniplex_forest_lined_2,
          infiniplex_forest_zigzag_2, infiniplex_forest_diagonal,
          uniq_crazy_yiuf_cottage
